 Dungeon Crawl Stone Soup version 0.20.0-4-g10b340a (webtiles) character file.

2184 MDvedh the Ducker (level 9, -2/52 HPs)
             Began as a Tengu Assassin on May 27, 2017.
             Slain by a gnoll
             ... wielding a +0 spear
              (3 damage)
             ... on level 7 of the Dungeon.
             The game lasted 00:13:00 (6508 turns).

MDvedh the Ducker (Tengu Assassin)                  Turns: 6508, Time: 00:13:00

Health: -2/52      AC: 13    Str: 13      XL:     9   Next: 33%
Magic:  10/10      EV: 12    Int: 12      God:
Gold:   342        SH:  0    Dex: 20 (22) Spells: 8/8 levels left

rFire    . . .     SeeInvis .   I - +0 rapier
rCold    . . .     Gourm    .   (no shield)
rNeg     . . .     Faith    .   z - +0 plate armour
rPois    .         Spirit   .   (helmet restricted)
rElec    +         Reflect  .   d - +1 cloak
rCorr    .         Harm     .   (no gloves)
MR       .....                  (boots unavailable)
Stlth    ..........             (no amulet)
Regen    0.2/turn               y - +4 ring of protection
MPRegen  0.2/turn               (no ring)

@: agile, corroded
A: beak, talons 3, icy blue scales 1, electricity resistance, able to fly 1
a: Fly


You were on level 7 of the Dungeon.
You were not hungry.

You visited 2 branches of the dungeon, and saw 8 of its levels.

You collected 342 gold pieces.

Inventory:

Hand Weapons
 j - a +1 dagger of draining
 m - a +0 falchion
 I - a +0 rapier (weapon)
Missiles
 a - 14 poisoned needles
Armour
 d - a +1 cloak (worn)
 z - a +0 plate armour (worn)
Jewellery
 n - an uncursed amulet of harm
 y - a +4 ring of protection (left hand)
 B - an uncursed amulet of the gourmand {unknown}
 H - an uncursed ring of wizardry {unknown}
Wands
 c - a wand of flame (23/48)
 f - a wand of flame (31/48)
 u - a wand of polymorph (22/24)
 F - a wand of lightning (6/15)
 J - a wand of confusion (12/48)
 K - a wand of acid (7/15)
Scrolls
 e - a scroll of amnesia
 i - a scroll of identify
 s - 4 scrolls of remove curse
 v - a scroll of recharging
Potions
 h - 3 potions of curing
 r - a potion of degeneration
 w - a potion of agility
 x - a potion of flight
 E - a potion of mutation
Books
 b - a book of Minor Magic

   Spells                             Type                      Level
   a - Magic Dart                     Conjuration                  1
   b - Blink                          Translocation                2
   c - Call Imp                       Summoning                    2
   d - Slow                           Hexes                        2
   e - Conjure Flame                  Conjuration/Fire             3
   f - Mephitic Cloud                 Conjuration/Poison/Air       3
Comestibles
 g - 2 bread rations
 l - 2 royal jellies
 q - 3 meat rations
 t - 6 fruits


   Skills:
 - Level 4.0 Fighting
 - Level 2.1(4.5) Short Blades
 * Level 6.3(6.5) Long Blades
 - Level 2.0 Throwing
 - Level 7.4 Armour
 - Level 7.7 Dodging
 - Level 4.0 Stealth


You had 8 spell levels left.
You didn't know any spells.

Dungeon Overview and Level Annotations

Branches:
Dungeon (7/15)             Temple (1/1) D:5

Altars:
Fedhas
Gozag
Kikubaaqudgha
Ru
Sif Muna
Uskayaw
Xom
Yredelemnul

Shops:
D:6 %


Innate Abilities, Weirdness & Mutations

You have a beak for a mouth.
You have claws for feet.
You can fly.
You are partially covered in icy blue scales. (AC +2)
You are resistant to electric shocks. (rElec)


Message History

You claw the jelly, but do no damage. Your peck misses the jelly.
The jelly is lightly wounded.
The gnoll hits you from afar with a spear.
* * * LOW HITPOINT WARNING * * *
The centaur hits you but does no damage.
The jelly misses you.
Evoke which item? (* to show all) (? for menu, Esc to quit)
Aiming: Lightning Bolt (will waste charges)
Press: ? - help, Shift-Dir - straight line You hear a mighty clap of thunder!
The bolt of lightning hits the centaur.
The centaur is heavily wounded.
The bolt of lightning hits the orc priest.
The orc priest is severely wounded.
The bolt of lightning misses the orc.
The bolt of lightning hits the orc.
You kill the orc!
Evoking this partially-identified wand wasted a few charges.
The centaur closely misses you.
The gnoll hits you from afar with a spear.
You die...

*,*<* #..,,,,,,*
#######+#####.#*******
#..(........#)#
#...........#.# ***
#...........'.# *,,
***###...........### *,*
*,............#+## *,*
*,##########J##,* *,* *,*
#@#*,* *,* *,* #c#*,* *,* *,*
#og,,** *,* *,* #h)g,,* *,*
*,*********###g#***********,*
*,,,,,,,,,,,,,..,,,,,,,,,,,,*
***,*,*,*,*,*,#.#,*,*,*,*,***
*,,,,,,,*,,,,..,*,,,,,,,*
*************************


You could see a centaur, a hound, a jelly, an orc priest and 3 gnolls.

Vanquished Creatures
  Grinder (D:6)
  Eustachio (D:6)
  Edmund (D:6)
  Purgy (D:4)
  2 sky beasts (D:6)
  3 ogres
  A centaur (D:7)
  A big kobold (D:7)
  A wyvern zombie (D:3)
  A scorpion (D:4)
  A killer bee (D:7)
  A howler monkey (D:4)
  2 crimson imps
  A centaur zombie (D:6)
  A bullfrog skeleton (D:3)
  A jelly (D:5)
  3 orc priests
  2 hounds (D:7)
  2 quasits
  5 orc wizards
  4 worker ants
  A hound skeleton (D:6)
  A worker ant zombie (D:7)
  11 adders
  3 shadow imps
  3 oozes
  An adder skeleton (D:5)
  2 dart slugs (D:1)
  2 leopard geckos
  11 orcs
  2 ball pythons
  2 giant cockroaches
  4 goblins
  4 hobgoblins
  10 jackals
  4 quokkas
  5 bats
  8 frilled lizards
  A jackal skeleton (D:5)
  7 kobolds
  2 leopard gecko skeletons
  A quokka zombie (D:5)
  7 rats
128 creatures vanquished.

Notes
Turn   | Place    | Note
-------+----------+-------------------------------------------
     0 | D:1      | MDvedh the Tengu Assassin began the quest for the Orb.
     0 | D:1      | Reached XP level 1. HP: 12/12 MP: 2/2
   235 | D:1      | Reached skill level 1 in Armour
   235 | D:1      | Reached XP level 2. HP: 17/17 MP: 3/3
   420 | D:1      | Reached XP level 3. HP: 16/21 MP: 4/4
  1289 | D:2      | Reached XP level 4. HP: 24/26 MP: 5/5
  1887 | D:3      | Gained mutation: You can fly. [Tengu growth]
  1887 | D:3      | Reached XP level 5. HP: 29/30 MP: 6/6
  2171 | D:3      | Found an ancient bone altar of Kikubaaqudgha.
  2296 | D:4      | Found a shimmering altar of Xom.
  2361 | D:4      | Noticed Purgy
  2369 | D:4      | Reached XP level 6. HP: 32/35 MP: 7/7
  2375 | D:4      | Killed Purgy
  2375 | D:4      | Reached skill level 5 in Dodging
  2405 | D:4      | Reached skill level 5 in Armour
  2405 | D:4      | Reached XP level 7. HP: 27/40 MP: 8/8
  2482 | D:4      | Found a deep blue altar of Sif Muna.
  3118 | D:5      | Entered Level 5 of the Dungeon
  3606 | D:5      | Found an ancient bone altar of Kikubaaqudgha.
  4109 | D:5      | Reached XP level 8. HP: 39/44 MP: 9/9
  4245 | D:5      | Found a staircase to the Ecumenical Temple.
  4330 | Temple   | Entered the Ecumenical Temple
  4789 | D:6      | Gained mutation: You occasionally shout uncontrollably at your foes. [mutagenic meat]
  4790 | D:6      | Gained mutation: You are resistant to electric shocks. (rElec) [mutagenic meat]
  4791 | D:6      | Gained mutation: You tend to lose your temper in combat. [mutagenic meat]
  4792 | D:6      | Gained mutation: Your mind is acute. (Int +2) [mutagenic meat]
  4793 | D:6      | Gained mutation: You are weak. (Str -2) [mutagenic meat]
  4794 | D:6      | Lost mutation: Your mind is acute. (Int +2) [mutagenic meat]
  4891 | D:6      | Noticed Eustachio
  4922 | D:6      | Killed Eustachio
  5114 | D:6      | Found Cil Fapu's Food Shop.
  5182 | D:6      | Reached skill level 1 in Long Blades
  5306 | D:6      | Noticed Edmund
  5339 | D:6      | Killed Edmund
  5493 | D:6      | Noticed Grinder
  5494 | D:6      | Paralysed by Grinder for 5 turns
  5502 | D:6      | Killed Grinder
  5621 | D:6      | Reached XP level 9. HP: 51/51 MP: 10/10
  6146 | D:7      | Reached skill level 5 in Long Blades
  6445 | D:7      | Lost mutation: You occasionally shout uncontrollably at your foes. [potion of mutation]
  6445 | D:7      | Lost mutation: You tend to lose your temper in combat. [potion of mutation]
  6445 | D:7      | Lost mutation: You are weak. (Str -2) [potion of mutation]
  6445 | D:7      | Gained mutation: Your magical capacity is low. (-10% MP) [potion of mutation]
  6445 | D:7      | Gained mutation: You are partially covered in icy blue scales. (AC +2) [potion of mutation]
  6445 | D:7      | Lost mutation: Your magical capacity is low. (-10% MP) [potion of mutation]
  6507 | D:7      | HP: 1/52 [gnoll/spear (4)]
  6508 | D:7      | Slain by a gnoll

Skill      XL: |  1  2  3  4  5  6  7  8  9 |
---------------+----------------------------+-----
Armour         | 1 2 3 4 5 6 7 |  7.4
Dodging        | 2 3 4 5 6 7 |  7.7
Long Blades    | 4 6 |  6.3
Fighting       | 3 4 |  4.0
Short Blades   | |  2.1
Throwing       | |  2.0
Stealth        | |  4.0

Action                   |  1- 3 |  4- 6 |  7- 9 || total
-------------------------+-------+-------+-------++-------
Melee: Dagger            |    93 |    87 |   789 ||   969
       Kick              |    19 |    18 |   206 ||   243
       Peck              |     9 |    16 |   127 ||   152
       Rapier            |       |       |    44 ||    44
       Falchion          |       |       |    18 ||    18
Evoke: Wand              |       |       |     1 ||     1
  Use: Potion            |       |     6 |     5 ||    11
       Scroll            |       |     3 |    10 ||    13
  Eat: Chunk             |       |     5 |     8 ||    13
       Bread ration      |       |       |     3 ||     3
Armor: Chain mail        |    62 |    53 |       ||   115
       Plate armour      |       |     5 |   692 ||   697
Dodge: Dodged            |    26 |    33 |   204 ||   263
